 Dungeon Crawl Stone Soup version 0.31.0-32-g396128a36d (webtiles) character file.

Game seed: 11278783667240988183

191 Econoterrorist the Cudgeller (level 5, -12/32 HPs)
             Began as a Gargoyle Fighter on Apr 15, 2024.
             Mangled by a kobold
             ... wielding a +2 short sword of distortion
              (16 damage)
             ... on level 3 of the Dungeon.
             The game lasted 00:05:44 (2700 turns).

Econoterrorist the Cudgeller (Gargoyle Fighter)     Turns: 2700, Time: 00:05:44

Health: -12/32     AC: 10    Str: 30    XL:     5   Next: 70%
Magic:  5/5        EV:  9    Int:  9    God:
Gold:   140        SH:  5    Dex: 14    Spells: 4/4 levels left

rFire   . . .        a - +0 flail
rCold   . . .        c - +0 buckler
rNeg    + . .        b - +0 scale mail
rPois   ∞            (no helmet)
rElec   +            (no cloak)
rCorr   .            (no gloves)
SInv    .            (no boots)
Will    +....        e - amulet of magic regeneration Stlth
                     j - +6 ring of strength
HPRegen 0.25/turn    m - +6 ring of dexterity
MPRegen 0.49/turn

%: no passive effects
@: mighty, enlightened, flying, hasted, very quick
A: sickness immunity, AC +4, negative energy resistance 1, electricity
resistance, torment resistance 1, petrification resistance, strong 1
a: no special abilities


You were on level 3 of the Dungeon.
You visited 1 branch of the dungeon, and saw 3 of its levels.

You collected 140 gold pieces.

Inventory:

Hand Weapons
 a - a +0 flail (weapon)
Armour
 b - a +0 scale mail (worn)
 c - a +0 buckler (worn)
Jewellery
 e - an amulet of magic regeneration (around neck)
 j - a +6 ring of strength (left hand)
 m - a +6 ring of dexterity (right hand)
Wands
 n - a wand of paralysis (13)
Scrolls
 f - 3 scrolls of torment {unknown}
 h - 3 scrolls of enchant armour {unknown}
 k - a scroll of fog {unknown}
 l - 3 scrolls of blinking {unknown}
 p - a scroll of teleportation {unknown}
 r - a scroll of acquirement {unknown}
 s - a scroll of identify {unknown}
 w - a scroll of noise {unknown}
Potions
 d - a potion of might
 g - a potion of haste
 q - a potion of lignification {unknown}
 t - a potion of magic {unknown}
 u - a potion of brilliance {unknown}
 v - a potion of curing {unknown}


   Skills:
 - Level 3.2 Fighting
 + Level 5.7 Maces & Flails
 - Level 3.2 Armour
 - Level 3.2 Shields


You had 4 spell levels left.
You didn't know any spells.
Your spell library contained the following spells:

 Spells                   Type           Power      Damage    Failure   Level
 Necrotise                Necr           0%         1d4       69%         1
 Vampiric Draining        Necr           0%         2d6       96%         3
 Martyr's Knell           Necr/Summ      0%         N/A       100%        4
 Curse of Agony           Necr           0%         N/A       100%        5


Dungeon Overview and Level Annotations

Branches:
Dungeon (3/15)

Altars:

Annotations:
D:3 Tripartite's ghost, weakling DEHs


Innate Abilities, Weirdness & Mutations

You are immune to sickness and miasma.
Your stone body is resilient. (AC +4)
You are immune to poison.
You resist negative energy. (rN+)
You are resistant to electric shocks. (rElec)
You are resistant to unholy torment.
You are immune to petrification.
Your muscles are strong. (Str +4, Int/Dex -1)


Message History

The kobold brigand hits you with a +2 whip of draining.
You closely miss the kobold brigand.
The kobold brigand hits you but does no damage. x2
You hit the kobold brigand.
The kobold brigand is lightly wounded.
You block the kobold brigand's attack.
You hit the kobold brigand.
The kobold brigand is moderately wounded.
The kobold brigand hits you but does no damage.
Tripartite's ghost keens inconsolably.
You bludgeon the kobold brigand!!
The kobold brigand is almost dead.
The kobold brigand hits you with a +2 whip of draining!
Tripartite's ghost says, "To die, to sleep, no more."
You thump the kobold brigand!
You kill the kobold brigand!
You closely miss the kobold. The kobold barely misses you.
The kobold hits you with a +2 short sword of distortion.
Space warps horribly around you!
You closely miss the kobold.
The kobold hits you with a +2 short sword of distortion.
* * * LOW HITPOINT WARNING * * *
Space warps around you.
* * * LOW HITPOINT WARNING * * *
You miss the kobold. The kobold hits you but does no damage.
You blink.
Unknown command.
Okay, then.
It was a potion of haste.
You feel yourself speed up. The kobold barely misses you.
Tripartite's ghost says, "When I snap my fingers, you will think you are a chicken."
Tripartite's ghost barely misses you.
It was a potion of enlightenment.
You feel very buoyant.
You fly up into the air.
The kobold hits you but does no damage. Tripartite's ghost barely misses you.
It was a potion of mutation.
You feel extremely strange.
You feel stronger. The kobold hits you but does no damage.
Space warps horribly around you!
Ouch! That really hurt!
You die...

#.# ###...... #.#
#.'...... #.######
#.#....## #.##$..##
#.####### ###.....##
#........ #.#...#.#
##.......
#⌠.#.#.⌠######.......
#.#...#.##.........##
###.K@K.###.####...##
#.##KKW##.#.# ##..#
#....K.K..#.# ##.#
#####$#####.# #.# #§#
#.# #.# #.# #.# #.#
#.# #.######.# #.#
#.#......### #.#
#...........


You could see Tripartite's ghost and 6 kobolds.

Vanquished Creatures
  A kobold brigand (D:3)
  Terence (D:3)
  2 adders
  2 dart slugs
  2 ribbon worms (D:2)
  4 ball pythons
  5 endoplasms
  2 giant cockroaches
  7 goblins
  9 hobgoblins
  2 jackals (D:2)
  11 kobolds
  3 quokkas
  4 bats
  5 frilled lizards
  8 rats
68 creatures vanquished.

Notes
Turn   | Place    | Note
-------+----------+-------------------------------------------
     0 | D:1      | Econoterrorist the Gargoyle Fighter began the quest for the
                  | Orb.
     0 | D:1      | Reached XP level 1. HP: 14/14 MP: 1/1
    85 | D:1      | Reached XP level 2. HP: 15/19 MP: 2/2
   334 | D:1      | Reached skill level 3 in Maces & Flails
   508 | D:1      | Reached XP level 3. HP: 23/23 MP: 3/3
  1339 | D:2      | Reached skill level 4 in Maces & Flails
  1487 | D:2      | Reached XP level 4. HP: 21/28 MP: 4/4
  1907 | D:3      | Noticed an ice beast
  2133 | D:3      | Identified the +1 leather armour of Honesty {Fly rF++ rN+
                  | Slay-3}
  2407 | D:3      | Found a runed translucent gate.
  2407 | D:3      | Found a runed translucent gate.
  2407 | D:3      | Found a runed translucent gate.
  2409 | D:3      | Noticed Tripartite's ghost (weakling DEHs)
  2412 | D:3      | Noticed a kobold brigand
  2497 | D:3      | Noticed Terence
  2500 | D:3      | Killed Terence
  2501 | D:3      | Reached skill level 5 in Maces & Flails
  2501 | D:3      | Reached XP level 5. HP: 29/32 MP: 5/5
  2574 | D:3      | Identified the +12 sling of Slow Death {speed, Will- Int+4}
  2694 | D:3      | Killed a kobold brigand
  2700 | D:3      | Gained mutation: Your muscles are strong. (Str +4, Int/Dex
                  | -1) [potion of mutation]
  2700 | D:3      | Mangled by a kobold

Illustrated notes

Levels and vault maps discovered:
D:1:      kilobyte_arrival_exit_the_forest, layout_loops_ring
D:2:      layout_loops_ring
D:3:      layout_loops_ring, gammafunk_ghost_nasty_kobolds,
          lightli_corner_chamber, uniq_terence

Skill      XL: |  1  2  3  4 |
---------------+-------------+-----
Maces & Flails | 3 4 5 |  5.7
Fighting       | |  3.2
Armour         | |  3.2
Shields        | |  3.2

Action                     |  1- 3 |  4- 6 || total
---------------------------+-------+-------++-------
  Melee: Flail             |   137 |    71 ||   208
    Use: Potion            |       |     4 ||     4
 Armour: Scale mail        |    89 |    49 ||   138
  Dodge: Dodged            |    76 |    20 ||    96
  Block: Buckler           |    34 |    10 ||    44
